[Event "*** Titled Tuesday Blitz"]
[Site "Chess.com"]
[Date "2021.03.02"]
[Round "6"]
[White "manipun1"]
[Black "MFBerna"]
[Result "1-0"]
[WhiteElo "2243"]
[BlackElo "2386"]
[TimeControl "180+1"]
[EndTime "11:07:23 PST"]
[Termination "manipun1 won by checkmate"]

1. e4 e5 2. Nf3 Nc6 3. Bc4 Bc5 4. d3 Nf6 5. c3 d6 6. Nbd2 a6 7. b4 Ba7 8. O-O O-O 9. h3 Ne7 10. Re1 Ng6 11. Nf1 Qe7 12. Ng3 Be6 13. Bxe6 fxe6 14. d4 exd4 15. Nxd4 Nd7 16. Be3 Nde5 17. Qb3 Rae8 18. Rad1 Kh8 19. Re2 Rf6 20. a4 Rf7 21. a5 Nf4 22. Bxf4 Rxf4 23. Kh2 Qf7 24. f3 h5 25. Nf1 Qg6 26. Ne3 Rf6 27. Rf1 Ref8 28. Nc4 Nf7 29. Ne3 Ng5 30. Ree1 c5 31. Ndc2 Bb8 32. Kh1 cxb4 33. Qxb4 d5 34. exd5 exd5 35. Nxd5 Qxc2 36. Nxf6 Rxf6 37. Qxb7 Kh7 38. Qxb8 Rg6 39.
Qf4 Nxh3 40. Qh2 Ng5 41. Rc1 Qd2 42. Rfd1 Qe2 43. Re1 Qf2 44. Re5 h4 45. Rce1 Rh6 46. R5e2 Qc5 47. Re5 Qxc3 48. Qf4 Qb2 49. Qf5+ Rg6 50.
Re6 h3 51. Qxg6+ Kg8 52. Re8# 1-0

[Event "*** Titled Tuesday Blitz"]
[Site "Chess.com"]
[Date "2021.03.02"]
[Round "6"]
[White "bocah_sakit"]
[Black "Sven_Tica"]
[Result "0-1"]
[WhiteElo "2854"]
[BlackElo "2678"]
[TimeControl "180+1"]
[EndTime "11:07:25 PST"]
[Termination "Sven_Tica won by checkmate"]

1. e4 c5 2. Nf3 Nf6 3. e5 Nd5 4. c3 e6 5. d4 cxd4 6. cxd4 b6 7. Bd3 Ba6 8. Be4 Nc6 9. Nc3 Nxc3 10. bxc3 Rc8 11.
Ng5 Be7 12. Qh5 g6 13. Qh6 Bf8 14. Qh3 Bg7 15. Bd3 Bxd3 16. Qxd3 d6 17. exd6 Qxd6 18.
Ne4 Qd5 19. Ba3 Ne5 20. Qe2 Nc4 21. Bc1 O-O 22. O-O e5 23. Bh6 f5 24. Bxg7 Kxg7 25. Ng5 Rce8 26. Qc2 e4 27. Rae1 h6 28. Nh3 f4 29. Kh1 e3 30. f3 Nd2 31. Rg1 g5 32.
Qd1 Rc8 33. Qc2 Qxd4 34. g3 Rxc3 35. Qb2 Nxf3 36. Rd1 Nd2 37. gxf4 e2 38. Rxd2 Qe4+ 39. Rg2 e1=Q+ 40. Ng1 Qxg1+ 41. Kxg1 Qe1# 0-1

[Event "*** Titled Tuesday Blitz"]
[Site "Chess.com"]
[Date "2021.03.02"]
[Round "6"]
[White "mortngabriel"]
[Black "andy_rekt"]
[Result "1/2-1/2"]
[WhiteElo "2464"]
[BlackElo "2275"]
[TimeControl "180+1"]
[EndTime "11:07:25 PST"]
[Termination "Game drawn by repetition"]

1. e4 e6 2. Nf3 d5 3. e5 c5 4.
b4 cxb4 5. a3 b3 6. cxb3 Nc6 7.
d4 f6 8. Bd3 fxe5 9. dxe5 Qc7 10.
Qe2 Nxe5 11. O-O Nxd3 12. Qxd3 Nf6 13. Bb2 Bd6 14. Nc3 a6 15. Rac1 Qe7 16. Rfe1 O-O 17. Na4 Bxa3 18. Bxa3 Qxa3 19. Nb6 Rb8 20. Nxc8 Rbxc8 21.
Rxc8 Rxc8 22. Rxe6 Rc1+ 23. Re1 Rxe1+ 24. Nxe1 Qc1 25. Kf1 b5 26. Qf5 Qc6 27. g4 h6 28.
h4 Ne4 29. g5 hxg5 30. hxg5 a5 31. Nd3 a4 32. bxa4 bxa4 33. Kg2 Nd6 34. Qe6+ Kh7 35. g6+ Kh6 36. Ne5 Qc7 37. Qh3+ Kg5 38. Qe6 Kh6 39. Qh3+ Kg5 40. Qe6 Kh6 1/2-1/2

[Event "*** Titled Tuesday Blitz"]
[Site "Chess.com"]
[Date "2021.03.02"]
[Round "6"]
[White "KarateBaby"]
[Black "pedro_nascimento85"]
[Result "1-0"]
[WhiteElo "2203"]
[BlackElo "2097"]
[TimeControl "180+1"]
[EndTime "11:07:25 PST"]
[Termination "KarateBaby won on time"]

1. Nf3 d5 2. c4 e6 3. e3 Nf6 4. Nc3 Be7 5. b3 c5 6. cxd5 exd5 7. d4 Bg4 8. Bb2 cxd4 9. Qxd4 Bxf3 10. gxf3 Nc6 11. Bb5 O-O 12. Bxc6 bxc6 13. Rg1 c5 14.
Qd2 d4 15. Ne4 Nxe4 16. fxe4 Bf6 17. exd4 cxd4 18. O-O-O Rc8+ 19. Kb1 a5 20. Bxd4 Bxd4 21. Qxd4 Qxd4 22. Rxd4 Rfe8 23. f3 h6 24. Rgd1 Rc3 25.
R1d3 Rec8 26. Kb2 Rc2+ 27. Ka3 Rxh2 28. Rd8+ Rxd8 29. Rxd8+ Kh7 30. Rd7 Kg6 31. Rd6+ f6 32.
Rd5 Rf2 33. Rf5 h5 34. Rf4 Kg5 35. Rf5+ Kg6 36. Rf4 Kh6 37. Rf5 g6 38. Rxa5 Rxf3 39. Ra8 h4 40. Rh8+ Kg5 41. Kb4 Re3 42. Kc5 Rxe4 43. a4 Re2 44. a5 Ra2 45. b4 f5 46. Kb6 f4 47. a6 f3 48. a7 f2 49.
Rf8 h3 50. Rxf2 Rxf2 51. a8=Q h2 52. b5 Rf1 53. Qg2+ 1-0

[Event "*** Titled Tuesday Blitz"]
[Site "Chess.com"]
[Date "2021.03.02"]
[Round "6"]
[White "hellokostya"]
[Black "stasiek18"]
[Result "0-1"]
[WhiteElo "2565"]
[BlackElo "2424"]
[TimeControl "180+1"]
[EndTime "11:07:26 PST"]
[Termination "stasiek18 won by checkmate"]

1. d4 Nf6 2. Bg5 d5 3. Nd2 Nbd7 4. e3 c5 5. c3 e6 6. Bd3 Be7 7. f4 h6 8. Bh4 Qc7 9. Ngf3 Rb8 10. O-O b5 11. Ne5 b4 12. Ndf3 c4 13. Bc2 bxc3 14. bxc3 Ba3 15. Nxf7 Kxf7 16. Ne5+ Kg8 17. Rb1 Rxb1 18.
Bxb1 Bd6 19. Qc2 Ne4 20. Qe2 Nxe5 21. fxe5 Be7 22. Be1 Kh7 23. Qg4 Rf8 24. Rf4 Rxf4 25. exf4 Qb6 26. Qd1 Qb2 27. h3 Bd7 28. Bc2 Kg8 29. f5 Nxc3 30. Qd2 Ne4 31. Qe2 Qxd4+ 32. Kh1 exf5 33. Qh5 Qxe5 34. Bd1 Bd6 35. Kg1 Qh2+ 36.
Kf1 Qh1+ 37. Ke2 c3 38. Kd3 Bb5+ 39. Kc2 Qxe1 40. Qg6 Qd2+ 41. Kb3 Qb2# 0-1

[Event "*** Titled Tuesday Blitz"]
[Site "Chess.com"]
[Date "2021.03.02"]
[Round "6"]
[White "GUST_b"]
[Black "Bayernbk"]
[Result "0-1"]
[WhiteElo "2364"]
[BlackElo "2547"]
[TimeControl "180+1"]
[EndTime "11:07:26 PST"]
[Termination "Bayernbk won by resignation"]

1. Nf3 Nf6 2. c4 e6 3. g3 d5 4.
Bg2 Be7 5. O-O O-O 6. d4 c6 7.
Nc3 b6 8. Nd2 Bb7 9. e4 Na6 10.
e5 Nd7 11. cxd5 cxd5 12. f4 f5 13. exf6 Bxf6 14. Nf3 Rc8 15. Re1 Re8 16. Bh3 Nf8 17. Be3 Nb4 18. a3 Nc6 19. Qd3 Na5 20. Bf2 Nc4 21. b4 Nd6 22. Re2 Ne4 23. Nd1 Rc7 24.
Ne5 Qc8 25. Be3 a5 26. Nf2 Rc3 27. Qd1 Ba6 28. Nxe4 Bxe2 29. Nxf6+ gxf6 30. Qxe2 fxe5 31. fxe5 Ng6 32. bxa5 bxa5 33. Bf2 Rc1+ 34. Rxc1 Qxc1+ 35. Kg2 Qg5 36. Bg4 h5 37. Qb5 Nh4+ 38. gxh4 Qxg4+ 39. Kf1 Rf8 40. Qd3 a4 41. Qc2 Kg7 42. Qxa4 Qh3+ 43.
Kg1 Qf5 44. Qa7+ Rf7 0-1

[Event "*** Titled Tuesday Blitz"]
[Site "Chess.com"]
[Date "2021.03.02"]
[Round "6"]
[White "JiiHart"]
[Black "Alexandercs432"]
[Result "1-0"]
[WhiteElo "2086"]
[BlackElo "2188"]
[TimeControl "180+1"]
[EndTime "11:07:26 PST"]
[Termination "JiiHart won by resignation"]

1. e4 e5 2. Nf3 Nf6 3. d4 Nxe4 4. Nxe5 d5 5. Bd3 Nd7 6. O-O Nxe5 7. dxe5 Be7 8. Bxe4 dxe4 9. Qxd8+ Bxd8 10. Nc3 Bf5 11. Re1 e3 12. Bxe3 Bxc2 13. Rac1 Bf5 14. Nb5 O-O 15.
Nxc7 Bxc7 16. Rxc7 Be6 17. Rxb7 Bxa2 18. Ra1 Rfd8 19.
f3 Bd5 20. Rbxa7 Rxa7 21. Rxa7 Ra8 22. Rxa8+ Bxa8 23. Bc5 f6 24. exf6 gxf6 25. Kf2 Kf7 26. Ke3 Ke6 27. Bd4 f5 28. Kf4 Kd5 29. Bc3 Ke6 30.
Kg5 Bd5 31. Kh6 f4 32. Kg5 Bb3 33. Kxf4 Kd5 34. Kg5 Kc4 35. f4 Kd5 36. f5 Kd6 37.
Kh6 Bc2 38. g4 Bd1 39. h3 Bf3 40. Kxh7 Bg2 41. h4 Bh3 42. g5 Bxf5+ 43. g6 Ke6 44. Kg7 Bg4 45. Kf8 1-0

[Event "*** Titled Tuesday Blitz"]
[Site "Chess.com"]
[Date "2021.03.02"]
[Round "6"]
[White "akanga001"]
[Black "MerryPoppies"]
[Result "0-1"]
[WhiteElo "1949"]
[BlackElo "2145"]
[TimeControl "180+1"]
[EndTime "11:07:27 PST"]
[Termination "MerryPoppies won by checkmate"]

1. d4 d5 2. Nf3 Nf6 3. Bg5 e6 4.
e3 Be7 5. Nbd2 h6 6. Bh4 Nbd7 7.
Bd3 O-O 8. c3 c5 9. a4 b6 10. O-O Bb7 11. a5 c4 12. Be2 b5 13.
a6 Bc8 14. b3 Qb6 15. bxc4 dxc4 16. Ne5 Nxe5 17. dxe5 Nd5 18. Bxe7 Nxe7 19. Ne4 Bxa6 20. Nd6 Nd5 21. Qc2 Rfd8 22. e4 Nf4 23. Rfb1 Nxe2+ 24. Qxe2 Rxd6 25. exd6 Qxd6 26. e5 Qc6 27. Ra5 Bb7 28. f3 Qb6+ 29. Qf2 Qxa5 30. Qc5 a6 31. h4 Qxc3 32. Qc7 Bd5 33. Rf1 Qe3+ 34. Kh2 c3 35.
Kg3 b4 36. Qa5 b3 37. Qb4 Qxe5+ 38. f4 Qe3+ 39. Kh2 Qe4 40. Qxe4 Bxe4 41. Rc1 b2 42. Rxc3 b1=Q 43. Rg3 Qb2 44. h5 a5 45. f5 a4 46. fxe6 fxe6 47. Rg4 Qe5+ 48. Kh3 a3 49.
Rg3 a2 50. Kh2 a1=Q 51. Kh3 Qh1+ 52. Kg4 Qf5# 0-1

[Event "*** Titled Tuesday Blitz"]
[Site "Chess.com"]
[Date "2021.03.02"]
[Round "6"]
[White "esapunov"]
[Black "maxip32"]
[Result "1-0"]
[WhiteElo "2707"]
[BlackElo "2524"]
[TimeControl "180+1"]
[EndTime "11:07:28 PST"]
[Termination "esapunov won on time"]

1. c4 g6 2. Nf3 Bg7 3. d4 Nf6 4. Nc3 O-O 5. e4 d6 6. Be2 Na6 7. O-O e5 8. Be3 c6 9. d5 Ng4 10. Bg5 f6 11. Bh4 c5 12. Nd2 Nh6 13. a3 Bd7 14.
Rb1 Nf7 15. b4 b6 16. Nb5 Bh6 17. Rb2 Bg5 18. Bg3 f5 19. exf5 gxf5 20. f4 exf4 21.
Bxf4 Qf6 22. Rb3 Rae8 23. Rg3 Kh8 24. Bxg5 Nxg5 25. Nxd6 Qxd6 26. Rxg5 Qe5 27. Rf2 cxb4 28. axb4 Nxb4 29. h3 Na6 30. Nf3 Qf6 31. Qd4 Nc5 32. Qxf6+ Rxf6 33. Nd2 h6 34. Rg3 a5 35. Bf1 a4 36. Ra3 Ne4 37. Re2 Rg6 38. Nxe4 fxe4 39. Rb2 Rf6 40. Be2 Kg7 41. Bd1 Rc8 42. Bxa4 Bxa4 43. Rxa4 e3 44. Re2 Rf4 45. Rxe3 Rcxc4 46. Ra7+ Kg6 47. Rb7 Rb4 48. Rd3 1-0

[Event "*** Titled Tuesday Blitz"]
[Site "Chess.com"]
[Date "2021.03.02"]
[Round "6"]
[White "Arvids_Andrejevs"]
[Black "KaterynaLagno"]
[Result "1-0"]
[WhiteElo "2375"]
[BlackElo "2581"]
[TimeControl "180+1"]
[EndTime "11:07:28 PST"]
[Termination "Arvids_Andrejevs won on time"]

1. e4 e5 2. Nf3 Nc6 3. Nc3 Nf6 4. Bb5 Bd6 5. O-O O-O 6. d3 Re8 7. h3 a6 8. Ba4 Bc5 9. Kh1 h6 10. Nh2 d6 11. Bxc6 bxc6 12. f4 exf4 13. Bxf4 Rb8 14. Rb1 Be6 15. d4 Bb4 16. e5 dxe5 17. Bxe5 Nd7 18.
Bf4 Bxc3 19. bxc3 Bxa2 20. Rxb8 Qxb8 21. Qg4 Be6 22. Qg3 Kh8 23. Bxc7 Qb5 24. Re1 Qf5 25. Ng4 Kh7 26. c4 Rc8 27. Bf4 Qxc2 28. d5 cxd5 29.
cxd5 Bxg4 30. Rc1 Qxc1+ 31. Bxc1 Rxc1+ 32. Kh2 Bh5 33. Qf4 Rc2 34. Qf5+ Bg6 35. Qxd7 Be4 36.
Kg1 Rxg2+ 37. Kf1 Rd2 38. d6 f5 39. Qc7 Bd3+ 40. Ke1 Re2+ 41. Kd1 1-0

[Event "*** Titled Tuesday Blitz"]
[Site "Chess.com"]
[Date "2021.03.02"]
[Round "6"]
[White "whogeeyao"]
[Black "masrahi"]
[Result "1-0"]
[WhiteElo "2383"]
[BlackElo "2219"]
[TimeControl "180+1"]
[EndTime "11:07:28 PST"]
[Termination "whogeeyao won on time"]

1. e4 e5 2. Nf3 Nc6 3. Bb5 a6 4. Ba4 Nf6 5. O-O Be7 6. d3 b5 7. Bb3 O-O 8. Nc3 d6 9. a3 Na5 10. Ba2 c5 11. b4 Nc6 12. Nd5 Nxd5 13. Bxd5 Qc7 14. c3 Be6 15. Bb2 Bxd5 16. exd5 Nb8 17. c4 Nd7 18. Nd2 f5 19. f4 Bf6 20. fxe5 Bxe5 21.
Bxe5 Nxe5 22. Qc2 Rac8 23. Rac1 Ng4 24. Rf3 Qe7 25. Nf1 Qg5 26. cxb5 axb5 27. Qd2 f4 28. d4 Ne3 29. dxc5 dxc5 30. bxc5 Nxd5 31. c6 h6 32. Rd3 Nf6 33. Rf3 Ng4 34. Qd4 Qg6 35.
Rxf4 Rxf4 36. Qxf4 Kh7 37. h3 Nf6 38. c7 Qd3 39. Ng3 1-0

[Event "*** Titled Tuesday Blitz"]
[Site "Chess.com"]
[Date "2021.03.02"]
[Round "6"]
[White "Kretov_Evgenij"]
[Black "kingofthenil"]
[Result "1-0"]
[WhiteElo "2611"]
[BlackElo "2821"]
[TimeControl "180+1"]
[EndTime "11:07:29 PST"]
[Termination "Kretov_Evgenij won on time"]

1. d4 Nf6 2. c4 c5 3. d5 e6 4. Nc3 exd5 5. cxd5 g6 6. e4 d6 7. f4 Bg7 8. Bb5+ Nfd7 9. a4 O-O 10.
Nf3 Na6 11. O-O Nb4 12. Re1 a6 13. Bf1 Re8 14. Be3 f5 15. Ng5 Nf8 16. e5 dxe5 17. Bxc5 h6 18. Ne6 Bxe6 19. dxe6 Qxd1 20. Rexd1 Nc2 21. Rac1 Nxe6 22. Bc4 Nd4 23. fxe5 Rac8 24. b4 Kh7 25. Bxe6 Nxe6 26. Bd6 Nf4 27. g3 Nh3+ 28.
Kg2 Ng5 29. h4 Nf7 30. Nd5 Rxc1 31. Rxc1 Bxe5 32. Rc7 Kg7 33. Bxe5+ Rxe5 34. Nf4 b5 35. Rc6 bxa4 36. Rxg6+ Kf8 37. Rxa6 Re4 38. Rxa4 Ne5 39. Ra8+ Kf7 40. Ra7+ Kg8 41. b5 Ng4 42. b6 Rb4 43. b7 Rb2+ 44. Kf1 Ne3+ 45. Kg1 1-0

[Event "*** Titled Tuesday Blitz"]
[Site "Chess.com"]
[Date "2021.03.02"]
[Round "6"]
[White "Bigfish1995"]
[Black "13MiRacLe"]
[Result "1-0"]
[WhiteElo "3126"]
[BlackElo "2743"]
[TimeControl "180+1"]
[EndTime "11:07:30 PST"]
[Termination "Bigfish1995 won by resignation"]

1. e4 e5 2. Nf3 Nc6 3. Bc4 Nf6 4. d3 Bc5 5. Bg5 h6 6. Bh4 d6 7. h3 a6 8. c3 Ba7 9. Bb3 g5 10. Bg3 O-O 11. Nbd2 Na5 12. Bc2 Nh5 13. Nh2 Nxg3 14. fxg3 f5 15. Qh5 Kg7 16. O-O-O Qe8 17. Qxe8 Rxe8 18. g4 fxg4 19. hxg4 Be6 20. b4 Nc6 21. Bb3 Bd7 22. Ndf1 Bf2 23. Kd2 Rf8 24. Ne3 Bxe3+ 25.
Kxe3 Ne7 26. Rdf1 Ng6 27. Rf5 Bxf5 28. gxf5 Nf4 29. g3 Nh5 30. Ng4 Nf6 31. Kf3 h5 32. Ne3 g4+ 33. Ke2 Kh6 34. Ng2 Kg5 35. Nh4 Rad8 36. Ng6 c6 37. Ke3 d5 38. Nxe5 Rde8 39. Ng6 dxe4 40. Nxf8 Rxf8 41. dxe4 Re8 42. Be6 Rh8 43.
e5 Nd5+ 44. Bxd5 cxd5 45. f6 Kf5 46. Kd4 Ke6 47. Rf1 b6 48. f7 Ke7 49. Kxd5 Kf8 50. e6 Ke7 51. Ke5 h4 52. gxh4 Rh5+ 53. Kf4 Rxh4 54. f8=Q+ Kxf8 55. Kg3+ Ke7 56. Kxh4 1-0

[Event "*** Titled Tuesday Blitz"]
[Site "Chess.com"]
[Date "2021.03.02"]
[Round "6"]
[White "Duhless"]
[Black "rquery98"]
[Result "1-0"]
[WhiteElo "3061"]
[BlackElo "2632"]
[TimeControl "180+1"]
[EndTime "11:07:31 PST"]
[Termination "Duhless won on time"]

1. d4 Nf6 2. Nf3 g6 3. Bg5 Bg7 4. Nbd2 O-O 5. e4 d5 6. exd5 Nxd5 7. c3 h6 8. Bh4 c5 9. dxc5 Qc7 10. Bg3 Qxc5 11. Nb3 Qc6 12. Be2 Nb6 13. O-O Na6 14. Re1 Bg4 15. Nfd4 Bxe2 16. Nxc6 Bxd1 17. Nxe7+ Kh7 18. Raxd1 Rfe8 19. Kf1 Rad8 20. Rxd8 Rxd8 21. Bh4 Rd7 22. g4 Nc4 23. Nc8 Nxb2 24. Nxa7 Bxc3 25. Re7 Rxe7 26. Bxe7 Nc4 27. Nb5 Be5 28. h3 Nc7 29. Nxc7 Bxc7 30. Ke2 Kg7 31. Kd3 Ne5+ 32. Ke4 f6 33. Bc5 Kf7 34. Be3 Nc4 35. Bxh6 g5 36.
Nc5 b5 37. Kd5 Bb6 38. Ne4 Ne5 39. f4 gxf4 40. Bxf4 Ng6 41. Bd6 Nh4 42. Kc6 Bd8 43.
Bg3 Ng6 44. Nd6+ Ke6 45. Nf5 1-0

[Event "*** Titled Tuesday Blitz"]
[Site "Chess.com"]
[Date "2021.03.02"]
[Round "6"]
[White "HouseOfDurin"]
[Black "PavelChernomordik"]
[Result "1-0"]
[WhiteElo "2189"]
[BlackElo "2371"]
[TimeControl "180+1"]
[EndTime "11:07:31 PST"]
[Termination "HouseOfDurin won by resignation"]

1. d4 g6 2. h4 Nf6 3. Bg5 h6 4. Bxf6 exf6 5. c4 h5 6. Nc3 Bg7 7. g3 f5 8. e3 O-O 9. Bg2 d6 10. Nge2 Re8 11. O-O Nd7 12. b4 Nf6 13. Qd3 c6 14. a4 Qe7 15. b5 c5 16. Rfd1 Rb8 17.
Nf4 Be6 18. Nfd5 Nxd5 19. Nxd5 Qd8 20. Rac1 Rc8 21. Nf4 b6 22. Bc6 Rf8 23. dxc5 dxc5 24. Nxe6 fxe6 25. Bd7 Rb8 26. Bxe6+ Kh7 27. Qd7 Qf6 28.
Bd5 g5 29. hxg5 Qxg5 30. Kg2 Rf6 31. Rh1 Rh6 32. Rh4 Rf8 33. Rch1 Kh8 34. Qxa7 Qg6 35. Qd7 Bf6 36. R4h3 Rh7 37. Qc6 h4 38. Bf3 Rg8 39. Kf1 f4 40. exf4 Qb1+ 41. Kg2 Qc2 42. Qxf6+ Rgg7 43.
Rxh4 1-0

[Event "*** Titled Tuesday Blitz"]
[Site "Chess.com"]
[Date "2021.03.02"]
[Round "6"]
[White "eCztery"]
[Black "volunteers1998"]
[Result "1-0"]
[WhiteElo "2387"]
[BlackElo "2155"]
[TimeControl "180+1"]
[EndTime "11:07:31 PST"]
[Termination "eCztery won on time"]

1. d4 f5 2. Bg5 h6 3. Bh4 c5 4. e3 Qb6 5. Nc3 cxd4 6. exd4 Qe6+ 7.
Be2 g5 8. d5 Qf6 9. Nb5 Na6 10.
Nf3 gxh4 11. O-O Bg7 12. Bc4 d6 13. Re1 Bd7 14. Nfd4 Kf7 15. Qh5+ Qg6 16. Qxh4 Nf6 17. Ne6 Bxe6 18. Rxe6 Nc5 19. Re3 Qg4 20. Qxg4 Nxg4 21.
Rf3 Kg6 22. Re1 Ne5 23. Rg3+ Kh7 24. Bd3 Ncxd3 25. cxd3 a6 26. Nc7 Rac8 27. Ne6 Bf6 28. d4 Nf7 29. Nf4 Rc2 30. Nh5 Rhc8 31. h3 Rc1 32.
Kf1 Rxe1+ 33. Kxe1 Bxd4 34. Rd3 Bxb2 35. Rf3 Bc3+ 36.
Ke2 Ne5 37. Rxf5 Kg6 38. g4 Nf7 39. Nf4+ Kg7 40. Ne6+ Kg8 41. f4 Bf6 42. g5 hxg5 43. fxg5 Be5 44. g6 Nh6 45. Rh5 Bg7 46. h4 1-0

[Event "*** Titled Tuesday Blitz"]
[Site "Chess.com"]
[Date "2021.03.02"]
[Round "6"]
[White "BrandonJacobson"]
[Black "Rap_woyska"]
[Result "0-1"]
[WhiteElo "2779"]
[BlackElo "2580"]
[TimeControl "180+1"]
[EndTime "11:07:34 PST"]
[Termination "Rap_woyska won by resignation"]

1. d4 Nf6 2. c4 c6 3. Nc3 d5 4. cxd5 cxd5 5. Bf4 Nc6 6. e3 a6 7. Be2 Bf5 8. Nf3 e6 9. Qb3 Na5 10. Qa4+ Nc6 11. Ne5 Qb6 12. O-O Be7 13. Nxc6 bxc6 14. Rfc1 O-O 15. Qd1 Nd7 16. Na4 Qb7 17. b3 Rfc8 18.
Bd3 Bxd3 19. Qxd3 c5 20. dxc5 Nxc5 21. Nxc5 Bxc5 22. Rc2 Ba3 23. Be5 Rxc2 24. Qxc2 Rc8 25. Qe2 f6 26. Bb2 Bxb2 27. Qxb2 Qc6 28. Qa3 Kf7 29.
h3 Qc3 30. Rf1 a5 31. Qd6 Qc6 32. Qa3 Qc5 33. Qa4 Rc7 34. Rd1 Qc2 35. Rd4 Qc1+ 36.
Kh2 Qc5 37. a3 g5 38. b4 axb4 39. axb4 Qc1 40. Qa8 Rc8 41. Qb7+ Qc7+ 42. Qxc7+ Rxc7 43. Kg3 h5 44. h4 g4 45. Rd2 Ke7 46. f3 gxf3 47. gxf3 Kd6 48. Kf4 Rc4+ 49. e4 Rxb4 50. Rg2 dxe4 51. fxe4 f5 52. Rd2+ Ke7 53. Re2 Rxe4+ 54.
Rxe4 fxe4 55. Kxe4 Kf6 56. Kf4 e5+ 57. Ke4 Ke6 58. Ke3 Kf5 59. Kf3 e4+ 60. Ke3 Ke5 61. Ke2 Kf4 62. Kf2 Kg4 63. Ke3 Kxh4 0-1

[Event "*** Titled Tuesday Blitz"]
[Site "Chess.com"]
[Date "2021.03.02"]
[Round "6"]
[White "kuba2006"]
[Black "Shahaliyev"]
[Result "1-0"]
[WhiteElo "2385"]
[BlackElo "2682"]
[TimeControl "180+1"]
[EndTime "11:07:35 PST"]
[Termination "kuba2006 won by resignation"]

1. b3 e5 2. Bb2 Nc6 3. e3 Nf6 4.
Bb5 d6 5. Nf3 Bd7 6. O-O Be7 7.
d4 exd4 8. Nxd4 Nxd4 9. Bxd7+ Qxd7 10. Qxd4 O-O 11. c4 Qg4 12. Nd2 Qxd4 13. Bxd4 Nd7 14. e4 Bf6 15. Bxf6 Nxf6 16. f4 Rfe8 17. Rae1 Nd7 18.
Kf2 Nc5 19. Re3 a5 20. Kf3 Re7 21. Rfe1 Ne6 22. Rd3 Nc5 23. Rd5 Rae8 24. a3 b6 25.
b4 axb4 26. axb4 Na6 27. Rb1 Nb8 28. c5 dxc5 29. bxc5 c6 30. Rd6 b5 31. Ra1 g5 32.
g3 gxf4 33. gxf4 Rb7 34. e5 b4 35. Rb1 Nd7 36. Ne4 Kf8 37. Rxc6 Ra8 38. Nd6 Rbb8 39. Rc7 Ke7 40. c6 Ra3+ 41. Ke4 f5+ 42. Kd4 Ke6 43.
Rxd7 b3 44. Nc4 Ra4 45. Rd6+ Ke7 46. Kc3 1-0

[Event "*** Titled Tuesday Blitz"]
[Site "Chess.com"]
[Date "2021.03.02"]
[Round "6"]
[White "PaulfromSPb"]
[Black "KuzubovYuriy"]
[Result "0-1"]
[WhiteElo "2720"]
[BlackElo "2925"]
[TimeControl "180+1"]
[EndTime "11:07:36 PST"]
[Termination "KuzubovYuriy won by checkmate"]

1. e4 c5 2. Ne2 Nc6 3. g3 d5 4.
Bg2 dxe4 5. Bxe4 Nf6 6. Bg2 g6 7. Nbc3 Bg7 8. d3 O-O 9. h3 Qc7 10. O-O Rd8 11. Bf4 Qd7 12. g4 b6 13. Ng3 Bb7 14.
Re1 Nd4 15. Nge4 Re8 16. Bg3 Rad8 17. Qd2 Nxe4 18. Nxe4 f5 19. c3 fxe4 20. cxd4 Qxd4 21. Rad1 Qxb2 22. Qf4 Qxa2 23. dxe4 Rxd1 24. Rxd1 Bd4 25. Qc7 Ba8 26. Qd7 Rf8 27. Rxd4 cxd4 28. Qxd4 Qe6 29. Bh4 Rc8 30. Qe3 a5 31. Qa3 Qd6 32. Qb3+ e6 33. Bf6 Rc1+ 34. Bf1 Bxe4 35. Bb2 Rb1 36.
Qc3 Rxb2 37. Qxb2 a4 38. Qe2 Bd5 39. Qa6 a3 40. Qc8+ Qf8 41. Qa6 a2 42. Bg2 Bc4 43. Qa7 Qf6 44. Qa8+ Kg7 45. Qa7+ Kh6 46. g5+ Kxg5 47. f4+ Kh6 48. Kh2 a1=Q 49. Qxb6 Qxf4# 0-1

[Event "*** Titled Tuesday Blitz"]
[Site "Chess.com"]
[Date "2021.03.02"]
[Round "6"]
[White "LionTheLeon_06"]
[Black "BigAl"]
[Result "1-0"]
[WhiteElo "2707"]
[BlackElo "2522"]
[TimeControl "180+1"]
[EndTime "11:07:36 PST"]
[Termination "LionTheLeon_06 won by resignation"]

1. g3 g6 2. Bg2 Bg7 3. c4 Nf6 4. Nc3 O-O 5. Nf3 d6 6. O-O e5 7. d3 h6 8. Rb1 Nc6 9. b4 Bg4 10. b5 Ne7 11. a4 Qd7 12. Re1 Bh3 13. Bh1 Nh7 14. a5 Rab8 15. Nd2 f5 16. Ba3 b6 17.
axb6 axb6 18. Bb2 Kh8 19. Ra1 Rf7 20. Ra7 Rbf8 21. Nd5 Nxd5 22. Bxd5 Re7 23. e3 Ng5 24. Qe2 e4 25. Bxg7+ Kxg7 26. d4 Bg4 27. Qf1 Bh3 28. Qe2 Bg4 29. Qf1 h5 30. f4 Nh3+ 31. Kg2 h4 32.
Rea1 g5 33. Ra8 Rxa8 34. Rxa8 hxg3 35. hxg3 gxf4 36. gxf4 Kg6 37. Qe1 Rh7 38. Rg8+ Kf6 39. Qa1 Rg7 40. Qa8 Rxg8 41. Qxg8 Qg7 42. Qxg7+ Kxg7 43. c5 bxc5 44. dxc5 dxc5 45. Nb3 Bd1 46. Kxh3 Be2 47.
Nxc5 Bxb5 48. Ne6+ Kf6 49. Nxc7 Ke7 50. Nxb5 Kf6 51.
Kh4 Kg6 52. Nd4 1-0

[Event "*** Titled Tuesday Blitz"]
[Site "Chess.com"]
[Date "2021.03.02"]
[Round "6"]
[White "organdzievhren"]
[Black "Ladislav1969"]
[Result "1-0"]
[WhiteElo "2437"]
[BlackElo "2302"]
[TimeControl "180+1"]
[EndTime "11:07:36 PST"]
[Termination "organdzievhren won by resignation"]

1. e4 c5 2. Nf3 e6 3. c3 Nf6 4.
Bd3 Nc6 5. Bc2 Qc7 6. O-O d5 7.
d3 Be7 8. Re1 dxe4 9. dxe4 e5 10.
Bg5 h6 11. Bxf6 Bxf6 12. Nbd2 O-O 13. Nc4 Be6 14. Ne3 Rad8 15. Qe2 Ne7 16. Bb3 Qb6 17.
Nc4 Bxc4 18. Qxc4 Qc6 19. Ba4 Qb6 20. Bb3 Qc6 21. a4 b6 22. Rad1 Ng6 23. Rxd8 Bxd8 24.
Rd1 Nf4 25. Nxe5 Qf6 26. Nxf7 Kh7 27. Rd6 Qh4 28. e5 Bc7 29. g3 Nh3+ 30. Kg2 Qxc4 31. Bxc4 Bxd6 32. exd6 Ng5 33. d7 Nxf7 34. Bxf7 Rd8 35.
Be8 Kg8 36. Kf3 Kf8 37. Ke4 Ke7 38. Kd5 Rb8 39. Kc6 Kd8 40. b4 cxb4 41. cxb4 Rb7 42. Kxb7 a5 43. bxa5 bxa5 44. f4 g6 45. h3 h5 46. h4 1-0

[Event "*** Titled Tuesday Blitz"]
[Site "Chess.com"]
[Date "2021.03.02"]
[Round "6"]
[White "dhaessel"]
[Black "GMJustin"]
[Result "0-1"]
[WhiteElo "1951"]
[BlackElo "2249"]
[TimeControl "180+1"]
[EndTime "11:07:36 PST"]
[Termination "GMJustin won on time"]

1. d4 d5 2. c4 dxc4 3. e4 e5 4. Nf3 exd4 5. Bxc4 Bb4+ 6. Nbd2 Nc6 7. O-O Nf6 8. e5 Nd5 9. Nb3 Nb6 10. Bb5 O-O 11. Nbxd4 Nxd4 12. Nxd4 c6 13. Be2 Qd5 14. Bf4 Rd8 15.
Nf3 Be6 16. Qc2 Qc5 17. Qb1 Qf8 18. Ng5 g6 19. Nxe6 fxe6 20. Bg5 Rd5 21. Bf6 Be7 22. Bg4 Qf7 23. Bxe7 Qxe7 24. Qe4 Rad8 25. Rfe1 Rd4 26.
Qf3 Nc4 27. Qh3 Re8 28. b3 Nb6 29. Rad1 Rd5 30. Qh6 Nd7 31. Qf4 Rf8 32. Qe4 Rxe5 33. Qc2 Rxe1+ 34. Rxe1 e5 35. Qc4+ Kh8 36. Qd3 Nf6 37. Bh3 e4 38. Qc3 Re8 39. f3 Qe5 40. Qxe5 Rxe5 41. g3 Kg7 42. Bg2 Re8 43. fxe4 Ng4 44.
h3 Ne5 0-1

[Event "*** Titled Tuesday Blitz"]
[Site "Chess.com"]
[Date "2021.03.02"]
[Round "6"]
[White "MendozaDavid2000"]
[Black "esrosenberg"]
[Result "1-0"]
[WhiteElo "2340"]
[BlackElo "2186"]
[TimeControl "180+1"]
[EndTime "11:07:37 PST"]
[Termination "MendozaDavid2000 won by resignation"]

1. d4 Nf6 2. c4 e6 3. Nc3 Bb4 4. Qc2 O-O 5. a3 Bxc3+ 6. Qxc3 b5 7. cxb5 c6 8. bxc6 Nxc6 9. Bg5 Bb7 10. e3 Rc8 11. Nf3 Ne5 12. Qd2 Nxf3+ 13. gxf3 Bxf3 14. Rg1 Kh8 15. Bd3 d5 16. Rg3 Be4 17. Bxe4 Nxe4 18.
Bxd8 Nxd2 19. Be7 Rfe8 20. Kxd2 Rxe7 21. Rgg1 Rb7 22. b4 a5 23. Rgc1 Rcb8 24. bxa5 h5 25. Ra2 Ra8 26. Rc5 Rba7 27. a4 Rxa5 28. Rxa5 Rxa5 29. Kc3 g5 30. Kb4 Ra8 31. a5 f5 32.
Kc5 f4 33. exf4 g4 34. a6 Kg7 35. a7 Kf6 36. Kc6 Kf5 37. Kb7 Rxa7+ 38. Rxa7 Kxf4 39.
Kc6 Kf3 40. Ra2 Ke4 41. Rd2 h4 42. Kd6 Kf5 43. Re2 Kf4 44. Kxe6 Kf3 45. Rd2 Kg2 46. Kxd5 h3 47. Ke4 Kxh2 48. f3+ Kg3 49. fxg4 Kxg4 50. d5 Kg3 51. d6 h2 52. Rxh2 1-0